 Dungeon Crawl Stone Soup version 0.23.2-33-g5129a83184 (webtiles) character file.

Game seed: 17028266366640255882

3554 psyvane the Destroyer (level 9, -25/52 HPs)
             Began as a Deep Elf Air Elementalist on July 18, 2019.
             Was a Follower of Sif Muna.
             Annihilated by an ogre
             ... wielding a +0 giant club
              (28 damage)
             ... on level 8 of the Dungeon.
             The game lasted 00:49:00 (12842 turns).

psyvane the Destroyer (Deep Elf Air Elementalist)  Turns: 12842, Time: 00:49:01

Health: -25/52     AC:  3    Str:  5    XL:     9   Next: 83%
Magic:  1/15       EV: 15    Int: 23    God:    Sif Muna [*.....]
Gold:   333        SH:  0    Dex: 16    Spells: 4/14 levels left

rFire    x . .     SeeInvis .   A - staff of conjuration
rCold    + . .     Gourm    .   (no shield)
rNeg     . . .     Faith    .   a - +0 robe
rPois    .         Spirit   .   (no helmet)
rElec    .         Reflect  .   (no cloak)
rCorr    .         Harm     .   (no gloves)
MR       .....                  h - +0 pair of boots
Stlth    ++........             (no amulet)
HPRegen  0.17/turn              g - ring of ice
MPRegen  0.14/turn              b - ring of flight

@: lethally poisoned (-25 -> -38), very slightly contaminated, slowed, very slow
A: no striking features
a: Divine Energy, Renounce Religion, Evoke Flight


You were on level 8 of the Dungeon.
You worshipped Sif Muna.
Sif Muna was aware of your devotion.
You were hungry.

You visited 2 branches of the dungeon, and saw 9 of its levels.
You also visited: Ossuary.

You collected 333 gold pieces.

Inventory:

Hand Weapons
 k - a +0 dagger
 m - a +0 blowgun
 r - the +4 long sword of Spores {venom, *Slow rF+ Dex+3}
   (You found it on level 4 of the Dungeon)

   It poisons the flesh of those it strikes.
   It affects your dexterity (+3).
   It protects you from fire.
   It may slow you when you take damage.
Missiles
 n - 17 poisoned needles
Armour
 a - a +0 robe (worn)
 h - a +0 pair of boots (worn)
Magical Staves
 A - an uncursed staff of conjuration (weapon)
Jewellery
 b - a ring of flight (right hand)
 g - a ring of ice (left hand)
 p - an uncursed amulet of magic regeneration {unknown}
 z - a cursed ring of attention {unknown}
Wands
 i - a wand of disintegration (16)
 l - a wand of digging (4)
 u - a wand of scattershot (6)
 y - a wand of enslavement (7)
 B - a wand of clouds (4)
Scrolls
 d - 2 scrolls of amnesia
 e - 2 scrolls of remove curse
 q - 2 scrolls of immolation
 s - a scroll of identify
 v - a scroll of random uselessness {unknown}
Potions
 f - a potion of agility
 j - 3 potions of lignification
 o - 4 potions of ambrosia
Comestibles
 c - 5 rations
 t - 6 chunks of flesh


   Skills:
 - Level 4.2 Fighting
 * Level 5.9 Staves
 - Level 5.2 Dodging
 - Level 2.5 Stealth
 - Level 3.0 Spellcasting
 - Level 10.8 Conjurations
 - Level 5.1 Air Magic


You had 4 spell levels left.
You knew the following spells:

 Your Spells              Type           Power        Failure   Level  Hunger
a - Shock                 Conj/Air       ####         1%          1    None
b - Swiftness             Chrm/Air       ###.....     6%          2    ##.....
c - Static Discharge      Conj/Air       ######..     1%          3    ###....
d - Airstrike             Air            ####......   14%         4    ####...

Your spell library contained the following spells:

 Spells                   Type           Power        Failure   Level  Hunger
 Lightning Bolt           Conj/Air       ######....   12%         5    ######.


Dungeon Overview and Level Annotations

Branches:
Dungeon (8/15)             Temple (1/1) D:5
   Lair: D:8-11

Altars:
Ashenzari
Cheibriados
Dithmenos
Elyvilon
Fedhas
Hepliaklqana
Kikubaaqudgha
Makhleb
Nemelex Xobeh
Okawaru
Qazlal
Ru
Sif Muna
Trog
Uskayaw
Vehumet
Wu Jian
Xom
Yredelemnul
Zin
The Shining One

Shops:
D:5 (

Annotations:
D:3 Purgy
D:6 2 transporters, teukkam's ghost, novice MiFi


Message History

You kill the hornet!
Sif Muna accepts your kill.
You are struck by an arc of lightning.
* * * LOW HITPOINT WARNING * * *
The lightning grounds out.
* * * LOW HITPOINT WARNING * * *
You feel very sick.
Okay, then.
Okay, then.
Okay, then.
Evoke which item? (* to show all) (? for menu, Esc to quit)
Aiming: Enslavement
Press: ? - help, Shift-Dir - straight line, f - ogre
Aim: an ogre, wielding a +0 giant club (moderately wounded, chance to defeat MR: 46%)
The ogre resists with some effort.
* * * LOW HITPOINT WARNING * * *
You feel sick. The ogre misses you.
The ogre hits you with a +0 giant club!!
Ouch! That really hurt!
You die...

#Z..##..# ......##
#<...#..#.......
#......#
#..#....#...... .##
#...# #..###..#.....
... #.... #.......#....
..##.##...#
######.##...
..........# ###.##..
##......# #....O.#
####.### #.##@# #.#
#.##.# ########.#
#....# #........# #
#.###..#####.##########
#............# ....
############## #) # #.
## #. #. #.##.


You could see an ogre.

Vanquished Creatures
  A hornet (D:8)
  2 hippogriffs
  Sigmund (D:5)
  2 yaks (D:8)
  Edmund (D:5)
  A water moccasin (D:7)
  An ice beast (D:8)
  4 ogres
  An elf zombie (D:4)
  2 bullfrogs (D:6)
  2 elf skeletons (D:4)
  2 scorpions
  3 killer bees (D:8)
  3 wights (D:7)
  5 crimson imps
  A centaur zombie (Ossuary)
  3 hounds
  2 jellies
  2 human zombies (Ossuary)
  2 orc priests
  A centaur skeleton (D:8)
  3 orc wizards
  2 bullfrog skeletons
  3 human skeletons (D:4)
  3 iguanas
  4 worker ants
  2 big kobold zombies (Ossuary)
  2 mummies (Ossuary)
  7 adders
  5 gnolls
  A shadow imp (D:7)
  An ooze (D:3)
  An adder skeleton (D:6)
  An adder zombie (Ossuary)
  A worm (D:3)
  A dart slug (D:1)
  5 leopard geckos
  16 orcs
  4 giant cockroaches
  9 goblins
  5 hobgoblins
  5 jackals
  3 quokkas
  3 ball pythons
  A ball python skeleton (D:4)
  6 bats
  8 frilled lizards
  A goblin zombie (Ossuary)
  5 hobgoblin zombies (Ossuary)
  A jackal skeleton (D:4)
  2 jackal zombies (Ossuary)
  8 kobolds
  9 kobold zombies (Ossuary)
  An orc skeleton (D:4)
  12 orc zombies
  A quokka skeleton (D:8)
  14 rats
  2 rat zombies (Ossuary)
200 creatures vanquished.

Vanquished Creatures (others)
  A gnoll (D:7)
  A plant (D:3)
2 creatures vanquished.

Grand Total: 202 creatures vanquished

Notes
Turn   | Place    | Note
-------+----------+-------------------------------------------
     0 | D:1      | psyvane the Deep Elf Air Elementalist began the quest for
                  | the Orb.
     0 | D:1      | Reached XP level 1. HP: 10/10 MP: 6/6
   193 | D:1      | Reached XP level 2. HP: 13/15 MP: 0/8
   576 | D:1      | Learned a level 2 spell: Swiftness
   904 | D:1      | Reached XP level 3. HP: 19/19 MP: 7/9
  2020 | D:2      | Found a faded altar of an unknown god.
  2341 | D:3      | Learned a level 3 spell: Static Discharge
  2367 | D:3      | Reached XP level 4. HP: 24/24 MP: 7/10
  2453 | D:3      | Reached skill level 5 in Air Magic
  2563 | D:3      | Found an ornate altar of the Wu Jian Council.
  2565 | D:3      | Noticed Purgy
  3183 | D:3      | Reached skill level 1 in Fighting
  3374 | D:3      | Found a sacrificial altar of Ru.
  3668 | D:2      | You fall through a shaft!
  3718 | D:3      | Reached XP level 5. HP: 24/30 MP: 4/11
  4012 | D:4      | Noticed an ogre
  4293 | D:4      | Reached XP level 6. HP: 23/37 MP: 0/12
  4666 | D:4      | Found a sand-covered staircase.
  4676 | Ossuary  | Entered an ossuary
  4862 | Ossuary  | Learned a level 4 spell: Airstrike
  5673 | Ossuary  | Reached XP level 7. HP: 43/43 MP: 1/13
  6186 | D:4      | Reached skill level 5 in Dodging
  6944 | D:4      | Reached skill level 2 in Conjurations
  7482 | D:4      | Reached skill level 3 in Conjurations
  7892 | D:4      | Got an ichor-stained long sword
  7893 | D:4      | Identified the +4 long sword of Spores {venom, *Slow rF+
                  | Dex+3} (You found it on level 4 of the Dungeon)
  8112 | D:5      | Entered Level 5 of the Dungeon
  8115 | D:5      | Reached skill level 4 in Conjurations
  8433 | D:5      | Found Giodwycs's Weapon Emporium.
  8435 | D:5      | Reached skill level 5 in Conjurations
  8498 | D:5      | Noticed Edmund
  8499 | D:5      | Noticed Sigmund
  8515 | D:5      | Killed Edmund
  8515 | D:5      | Reached XP level 8. HP: 44/48 MP: 1/14
  8603 | D:5      | Reached skill level 6 in Conjurations
  8947 | D:5      | Noticed a +0 dagger
  8949 | D:5      | Noticed a +0 dagger
  8952 | D:5      | Found a hide-covered altar of Uskayaw.
  9077 | D:5      | Found a staircase to the Ecumenical Temple.
  9105 | D:5      | Killed Sigmund
  9105 | D:5      | Reached skill level 7 in Conjurations
  9318 | D:5      | Found a glowing golden altar of the Shining One.
  9558 | Temple   | Entered the Ecumenical Temple
  9737 | Temple   | Became a worshipper of Sif Muna the Loreminder
  9869 | D:6      | Found a transporter.
  9873 | D:6      | Found a transporter.
  9873 | D:6      | Noticed teukkam's ghost (novice MiFi)
  9899 | D:6      | Noticed an efreet
  9929 | D:6      | Reached skill level 8 in Conjurations
 10228 | D:8      | Noticed a hippogriff
 10233 | D:8      | Noticed a hornet
 10234 | D:8      | Reached skill level 9 in Conjurations
 10348 | D:7      | Reached * piety under Sif Muna
 10348 | D:7      | Reached XP level 9. HP: 52/52 MP: 1/15
 10710 | D:7      | Reached skill level 10 in Conjurations
 11474 | D:8      | Found an iron altar of Okawaru.
 11581 | D:8      | HP: 2/78 [ice beast (5)]
 11582 | D:8      | Reached skill level 1 in Staves
 12705 | D:8      | Reached skill level 5 in Staves
 12838 | D:8      | Paralysed by a hornet for 3 turns
 12842 | D:8      | Annihilated by an ogre

Skill      XL: |  1  2  3  4  5  6  7  8  9 |
---------------+----------------------------+-----
Air Magic      | 4 5 |  5.1
Fighting       | 2 3 4 |  4.2
Dodging        | 4 5 |  5.2
Conjurations   | 5 9 10 | 10.8
Staves         | 5 |  5.9
Stealth        | |  2.5
Spellcasting   | |  3.0

Action                   |  1- 3 |  4- 6 |  7- 9 || total
-------------------------+-------+-------+-------++-------
Melee: Unarmed           |     3 |       |       ||     3
       Club              |    28 |    22 |    28 ||    78
       Dagger            |       |       |     8 ||     8
       Long sword        |       |       |    44 ||    44
       Staff             |       |       |    24 ||    24
 Cast: Shock             |    92 |   209 |   136 ||   437
       Swiftness         |     2 |     5 |     5 ||    12
       Static Discharge  |       |     5 |     4 ||     9
       Airstrike         |       |     5 |    68 ||    73
Evoke: Wand              |       |       |     5 ||     5
  Use: Scroll            |     3 |     2 |    12 ||    17
       Potion            |       |     3 |     8 ||    11
 Stab: Confused          |       |       |     2 ||     2
  Eat: Chunk             |     4 |     3 |    18 ||    25
       Ration            |       |     3 |     5 ||     8
Armor: Robe              |    18 |    12 |    13 ||    43
Dodge: Dodged            |    57 |    55 |   133 ||   245
       Rpst.: Long sword |       |       |    18 ||    18
